AoeStats
← gazza17

Arena

516370757Analyzed
4v4 RM · 12d ago on Oct 25, 2026· 58m 36s· 8 players
Game mode
Random Map
Map size
Large (8 player)
Population
200
Speed
Normal
Resources
Standard
Victory
Conquest
Starting age
Dark Age
Ending age
Imperial Age
RankedLock teamsTeams togetherTeam positionsShared explorationLock speedFull tech treeHidden civsTurbo modeCheats
Victory
Defeat
🇷🇺 Burgundians · Russia
1074
+16
🇷🇺 Britons · Russia
1062
+16
🇬🇧 Varangians · United Kingdom
1045
+17
🇮🇹 Italians · Italy
1036
+17
vs
🇨🇿 Maya · Czechia
1112
-19
🇦🇷 Persians · Argentina
1060
-16
🇲🇽 Spanish · Mexico
1042
-16
🇺🇸 Burgundians · United States
1037
-15
gazza17
11:18 Feudal Age
15:34 Castle Age
14:22 Scale Mail Armor
14:36 Forging
14:31 Double-Bit Axe
16:52 Horse Collar
18:52 Loom
23:38 Wheelbarrow
22:51 Town Watch
23:41 Scale Mail Armor
24:50 Bow Saw
25:22 Gold Mining
26:14 Heavy Plow
27:52 Arson
28:44 Iron Casting
29:10 Squires
29:44 Hand Cart
34:33 Imperial Age
32:46 Chain Mail Armor
32:23 Fletching
34:11 Ballistics
33:41 Heated Shot
34:42 Stone Mining
36:14 Blast Furnace
35:46 Elite Varangian Guard
37:00 Plate Mail Armor
37:00 Conscription
36:48 Gothikon
40:24 Gambesons
57:12 Elite Jarl
Cincischio
12:37 Feudal Age
16:33 Castle Age
15:26 Double-Bit Axe
15:23 Horse Collar
19:01 Stone Mining
19:03 Gold Mining
21:24 Wheelbarrow
20:40 Loom
23:09 Heavy Plow
26:23 Fortified Wall
28:49 Imperial Age
26:58 Stone Shaft Mining
28:17 Hand Cart
27:55 Fletching
28:06 Padded Archer Armor
29:10 Bodkin Arrow
29:38 Ballistics
29:13 Murder Holes
30:01 Crop Rotation
31:15 Bow Saw
33:03 Chemistry
31:32 Elite Genoese Crossbowman
33:16 Conscription
33:45 Bracer
35:53 Two-Man Saw
40:53 Leather Archer Armor
43:06 Thumb Ring
44:14 Pirotechnia
Shaci
6:39 Loom
9:49 Feudal Age
10:36 Double-Bit Axe
15:19 Castle Age
14:24 Horse Collar
29:01 Elite Skirmisher
31:02 Fletching
32:26 Padded Archer Armor
FinnMaccool
6:31 Double-Bit Axe
11:10 Feudal Age
11:10 Horse Collar
16:20 Castle Age
14:35 Bow Saw
17:39 Wheelbarrow
16:27 Cavalier
17:37 Husbandry
19:25 Gold Mining
20:44 Loom
23:48 Scale Barding Armor
25:40 Gold Shaft Mining
36:45 Padded Archer Armor
36:37 Fletching
36:15 Elite Skirmisher
40:58 Imperial Age
39:49 Bodkin Arrow
40:10 Leather Archer Armor
43:39 Two-Man Saw
Annatolyj
10:36 Feudal Age
11:24 Double-Bit Axe
11:27 Horse Collar
15:01 Fletching
15:12 Padded Archer Armor
18:01 Castle Age
19:21 Crossbowman
22:35 Gold Mining
23:55 Bow Saw
24:53 Thumb Ring
24:54 Bodkin Arrow
26:52 Leather Archer Armor
27:28 Ballistics
27:26 Heavy Plow
32:11 Imperial Age
32:18 Arbalester
34:03 Chemistry
34:03 Bracer
34:38 Ring Archer Armor
36:17 Conscription
[ATARB] ExDic Nicolas Maduro
9:38 Feudal Age
11:14 Double-Bit Axe
15:44 Castle Age
13:52 Horse Collar
18:45 Bow Saw
19:54 Wheelbarrow
19:04 Loom
21:50 Heavy Plow
22:14 Stone Mining
30:31 Imperial Age
31:16 Squires
31:02 Arson
30:37 Man-at-Arms
31:20 Scale Mail Armor
31:31 Forging
31:38 Husbandry
30:58 Cavalier
33:27 Long Swordsman
34:48 Scale Barding Armor
34:58 Chain Mail Armor
35:24 Two-Handed Swordsman
35:39 Light Cavalry
47:09 Hand Cart
46:40 Town Watch
46:24 Champion
49:14 Paladin
humbertoliva
4:29 Loom
11:18 Feudal Age
9:33 Loom
15:34 Castle Age
28:20 Pikeman
39:00 Imperial Age
41:18 Chemistry
41:06 Wheelbarrow
40:21 Double-Bit Axe
40:18 Horse Collar
41:11 Heavy Plow
41:56 Bow Saw
41:58 Halberdier
42:38 Squires
43:51 Redemption
45:42 Ballistics
45:47 Hand Cart
SMNT-Chifuego
12:04 Feudal Age
10:20 Loom
13:09 Double-Bit Axe
13:15 Horse Collar
19:09 Castle Age
17:50 Wheelbarrow
20:56 Bow Saw
20:55 Scale Barding Armor
21:02 Forging
21:34 Husbandry
21:45 Bloodlines
22:01 Heavy Plow
23:30 Chain Barding Armor
23:54 Caravan
26:35 Gold Mining
26:35 Stone Mining
27:59 Iron Casting
28:46 Thumb Ring
28:02 Crossbowman
29:50 Fletching
34:58 Imperial Age
32:15 Town Watch
33:56 Bodkin Arrow
34:03 Padded Archer Armor
37:34 Two-Man Saw
37:12 Gold Shaft Mining
37:12 Stone Shaft Mining
38:05 Blast Furnace
41:28 Hand Cart
47:16 Chemistry
46:37 Ballistics
Connection lost

Rejoining the realm…

Still unreachable

The connection could not be restored.

Session expired

The server has moved on; the page needs a fresh start.